 Dungeon Crawl Stone Soup version 0.19-a0-475-gfca3800 (webtiles) character file.

126 namelastname112 the Caller (level 4, -3/33 HPs)
             Began as a Mummy Summoner on June 4, 2016.
             Slain by Ijyb (4 damage)
             ... on level 2 of the Dungeon.
             The game lasted 00:04:00 (1554 turns).

namelastname112 the Caller (Mummy Summoner)         Turns: 1554, Time: 00:04:01

Health: -3/33      AC:  5    Str: 11    XL:     4   Next: 84%
Magic:  6/8        EV: 12    Int: 15    God:
Gold:   52         SH:  0    Dex: 12    Spells: 3 memorised, 2 levels left

rFire  x . .     SeeInvis .     g - +2 whip (elec)
rCold  + + .     Gourm    .     a - +0 robe
rNeg   + + +     Faith    .     (no shield)
rPois  ∞         Spirit   .     (no helmet)
rElec  .         Dismiss  .     e - +2 cloak
rCorr  .         Reflect  .     (no gloves)
SustAt .         Harm     .     (no boots)
MR     .....                    (no amulet)
Stlth  ++........               (no ring)
                                h - ring of protection from cold

@: not resistant to hostile enchantments, unstealthy
A: no food or potions, fire vulnerability, cold resistance 1, negative energy
resistance 3, torment resistance, unbreathing
a: no special abilities


You were on level 2 of the Dungeon.
You were not hungry.

You visited 1 branch of the dungeon, and saw 2 of its levels.

You collected 52 gold pieces.

Inventory:

Hand Weapons
 g - a +2 whip of electrocution (weapon)
Armour
 a - a +0 robe (worn)
 e - a +2 cloak (worn)
Jewellery
 h - a ring of protection from cold (left hand)
Scrolls
 c - a scroll of identify {unknown}
 d - a scroll of remove curse {unknown}
 f - a scroll of amnesia {unknown}
 i - a scroll of teleportation {unknown}
Books
 b - a book of Callings

   Spells                             Type                      Level
   a - Summon Small Mammal            Summoning                    1
   b - Call Imp                       Summoning                    2
   c - Call Canine Familiar           Summoning                    3
   d - Summon Guardian Golem          Hexes/Summoning              3
   e - Summon Lightning Spire         Summoning/Air                4
   f - Summon Ice Beast               Ice/Summoning                4


   Skills:
 + Level 1.9 Fighting
 + Level 2.3 Dodging
 - Level 1.5 Stealth
 + Level 2.8 Spellcasting
 * Level 4.0 Summonings


You had 2 spell levels left.
You knew the following spells:

 Your Spells              Type           Power        Failure   Level  Hunger
a - Call Imp              Summ           ##......     8%          2    N/A
c - Call Canine Familiar  Summ           ##......     14%         3    N/A
z - Summon Small Mammal   Summ           ##..         4%          1    N/A

Dungeon Overview and Level Annotations

Branches:
Dungeon (2/15)

Altars:
Fedhas

Annotations:
D:2 Ijyb


Innate Abilities, Weirdness & Mutations

You do not eat or drink.
Your flesh is vulnerable to fire.
You are immune to poison.
Your flesh is cold resistant. (rC+)
You are immune to negative energy. (rN+++)
You are immune to unholy pain and torment.
You can survive without breathing.


Message History

You barely miss Ijyb. Ijyb hits you.
You take 1 damage, and have 31/33 hp.
You miss Ijyb. Ijyb misses you.
You closely miss Ijyb.
Ijyb zaps a wand.
The puff of flame hits you! The fire burns you terribly!
You take 12 damage, and have 19/33 hp.
MASSIVE DAMAGE!!
You barely miss Ijyb.
Ijyb zaps a wand.
The puff of flame hits you! The fire burns you terribly!
You take 3 damage, and have 16/33 hp.
You miss Ijyb. Ijyb misses you.
Ijyb zaps a wand.
The puff of flame hits you! The fire burns you terribly!
* * * LOW HITPOINT WARNING * * *
You take 15 damage, and have 1/33 hp.
MASSIVE DAMAGE!!
Unknown command.
Unknown command.
Casting: Call Imp
Confirm with . or Enter, or press ? or * to list all spells.
A beastly little devil appears in a puff of frigid air.
Ijyb hits you.
You die...

### ####### #.. ####...... #.#
........# ###########
##g##########..##.# ..........#
#.@.5.............# #########.#
#..########....#..# #.# #..#
####.#..#.(. #.# #..#
#.......#.## #.#####..#
#..###...... #........#
#..#⌠#..#.##
########.#####..###......
#...............#.###
#############.##...(.............


You could see Ijyb and a friendly white imp.

Vanquished Creatures
  An adder (D:2)
  2 dart slugs (D:1)
  A giant gecko (D:1)
  A giant cockroach (D:2)
  2 goblins (D:1)
  3 hobgoblins (D:2)
  9 kobolds
  5 bats
  5 giant newts
  4 rats
33 creatures vanquished.

Vanquished Creatures (collateral kills)
  Sigmund (D:2)
  A giant cockroach (D:1)
  A goblin (D:1)
  3 hobgoblins (D:1)
  2 jackals (D:1)
  A giant newt (D:1)
  2 kobolds (D:1)
  A rat (D:1)
12 creatures vanquished.

Grand Total: 45 creatures vanquished

Notes
Turn   | Place    | Note
--------------------------------------------------------------
     0 | D:1      | namelastname112 the Mummy Summoner began the quest for the Orb.
     0 | D:1      | Reached XP level 1. HP: 13/13 MP: 3/3
     0 | D:1      | jacquesderrida: хай
     0 | D:1      | jacquesderrida: ето я
    37 | D:1      | xeno23: лол, это было быстро
   297 | D:1      | Reached XP level 2. HP: 10/19 MP: 5/5
   515 | D:1      | xeno23: сука, жаль что стрик проебал
   515 | D:1      | namelastname112: +2 клос на д1
   515 | D:1      | namelastname112: теперь точно выиграю
   529 | D:1      | xeno23: лель
   593 | D:1      | Learned a level 2 spell: Call Imp
   665 | D:1      | Reached skill level 1 in Fighting
   831 | D:1      | namelastname112: во
   831 | D:1      | namelastname112: теперь-то точно
   970 | D:1      | Reached XP level 3. HP: 24/26 MP: 6/6
   975 | D:1      | Learned a level 3 spell: Call Canine Familiar
  1001 | D:2      | crauler: шлем еще бы
  1135 | D:2      | xeno23: ты будешь саммонить со стаффом или подтабывать из-за спин?
  1323 | D:2      | namelastname112: а хуй знает
  1323 | D:2      | namelastname112: как пойдет
  1352 | D:2      | Noticed Sigmund
  1373 | D:2      | Killed Sigmund
  1373 | D:2      | Reached XP level 4. HP: 32/33 MP: 1/8
  1376 | D:2      | Found a blossoming altar of Fedhas.
  1429 | D:2      | Reached skill level 4 in Summonings
  1542 | D:2      | Noticed Ijyb
  1553 | D:2      | HP: 1/33 [Ijyb/wand of flame (15)]
  1554 | D:2      | crauler: мумие же вроде опыта не хватает на табалку и призывалку? либо то либо то?
  1554 | D:2      | namelastname112: The fire burns you terribly!
  1554 | D:2      | Slain by Ijyb

Vault maps used:
D:1:      dpeg_arrival_fog
D:2:      lemuel_doored_altar, feat_on_display, uniq_sigmund, uniq_iyjb

Skill      XL: |  1  2  3  4 |
---------------+-------------+-----
Fighting       | 1 |  1.9
Dodging        | 2 |  2.3
Summonings     | 4 |  4.0
Stealth        | |  1.5
Spellcasting   | |  2.8

Action                   |  1- 3 |  4- 6 || total
-------------------------+-------+-------++-------
Melee: Short sword       |    48 |       ||    48
       Unarmed           |     1 |       ||     1
       Whip              |    29 |    20 ||    49
 Cast: Summon Small Mamm |    18 |       ||    18
       Call Imp          |     5 |     1 ||     6
 Stab: Sleeping          |     2 |     1 ||     3
Armor: Robe              |    35 |     3 ||    38
Dodge: Dodged            |    68 |    13 ||    81
